 Dungeon Crawl Stone Soup version 0.25-a0-50-gf0389da217 (webtiles) character file.

Game seed: 17200743013767477281, levelgen mode: deterministic

1515 Gargoyl the Chopper (level 8, -2/68 (69) HPs)
             Began as a Black Draconian Abyssal Knight on Oct 24, 2019.
             Was an Elder of Lugonu.
             Slain by a wyvern zombie (14 damage)
             ... on level 6 of the Dungeon.
             The game lasted 00:09:01 (7101 turns).

Gargoyl the Chopper (DrAK)                          Turns: 7101, Time: 00:09:02

HP:   -2/68 (69)    AC: 10    Str: 17    XL:     8   Next: 53%
MP:   11/11         EV: 14    Int: 13    God:    Lugonu [****..]
Gold: 279           SH:  0    Dex: 10    Spells: 7/7 levels left

rFire    . . .     SeeInvis .   a - +2 hand axe
rCold    . . .     Gourm    .   (no shield)
rNeg     + . .     Faith    .   (armour unavailable)
rPois    +         Spirit   .   (helmet restricted)
rElec    +         Reflect  .   p - +0 cloak
rCorr    .         Harm     .   o - +0 pair of gloves
MR       .....                  t - +1 pair of boots {run}
Stlth    ++........             (no amulet)
HPRegen  0.21/turn              c - ring of positive energy
MPRegen  0.12/turn              n - ring of poison resistance

@: short of breath, quick
A: breathe lightning, unfitting armour, electricity resistance, cold-blooded, AC
+6
a: Breathe Lightning, Depart the Abyss, Bend Space, Banish, Corrupt, Renounce
Religion


You were on level 6 of the Dungeon.
You worshipped Lugonu.
Lugonu was greatly pleased with you.
You were near starving.

You visited 1 branch of the dungeon, and saw 6 of its levels.
You visited the Abyss 1 time.

You collected 279 gold pieces.

Inventory:

Hand Weapons
 a - a +2 hand axe (weapon)
Armour
 o - a +0 pair of gloves (worn)
 p - a +0 cloak (worn)
 t - a +1 pair of boots of running (worn)
Jewellery
 c - a ring of positive energy (left hand)
 n - a ring of poison resistance (right hand)
Scrolls
 d - 9 scrolls of remove curse
 f - 2 scrolls of immolation
 h - a scroll of magic mapping {unknown}
 i - 4 scrolls of teleportation
 j - 5 scrolls of identify
 r - a scroll of blinking
Potions
 e - a potion of flight {unknown}
 g - a potion of brilliance
 k - a potion of cancellation {unknown}
 l - 3 potions of curing {unknown}
 m - a potion of resistance {unknown}
 q - a potion of lignification {unknown}
 s - 2 potions of berserk rage {unknown}
Comestibles
 b - 9 rations


   Skills:
 + Level 5.4 Fighting
 + Level 6.1 Axes
 * Level 6.0 Dodging
 + Level 2.1 Stealth
 * Level 5.1 Invocations


You had 7 spell levels left.
You didn't know any spells.
Your spell library was empty.

Dungeon Overview and Level Annotations

Branches:
Dungeon (6/15)
 Temple: D:4-7

Altars:
Trog
Uskayaw
Wu Jian
Xom
Yredelemnul
Zin


Innate Abilities, Weirdness & Mutations

You can breathe wild blasts of lightning.
Your glossy black scales are hard. (AC +6)
You cannot fit into any form of body armour.
You are resistant to electric shocks. (rElec)
You are cold-blooded and may be slowed by cold attacks.


Message History

You hit the adder.
You kill the adder!
Lugonu accepts your kill.
You hit the wyvern zombie but do no damage.
The wyvern zombie bites you.
* * * LOW HITPOINT WARNING * * *
The wyvern zombie closely misses you.
You see here an adder corpse.
Unknown command.
Unknown command.
The wyvern zombie closely misses you.
You slash the wyvern zombie!
The wyvern zombie is severely damaged.
The wyvern zombie barely misses you.
You hit the wyvern zombie. You tail-slap the wyvern zombie.
The wyvern zombie is almost destroyed.
The wyvern zombie bites you!
* * * LOW HITPOINT WARNING * * *
The wyvern zombie bites you!
You die...

............#......#
###.........+....?.#
.<#.#.......##..†..#
###+#.......##.#.#######
.....#+###..............
#....#.....###$#†###....
.....####### #...# ..
##... ......#.Z### ####
#####...@..# #......#
#......# #......#
#......# #......#
#......# #......#


You could see a wyvern zombie.

Vanquished Creatures
  Grinder (D:5)
  Sigmund (D:5)
  An ice beast (D:5)
  2 necrophages
  2 ogres
  A scorpion (D:4)
  A howler monkey (D:5)
  A jelly (D:5)
  A crimson imp (D:5)
  A gnoll shaman (D:5)
  3 hounds
  2 orc wizards
  3 worker ants
  9 gnolls
  9 adders
  2 howler monkey skeletons (D:5)
  A shadow imp (D:5)
  An ooze (D:3)
  An adder skeleton (D:4)
  4 worms
  3 dart slugs
  3 leopard geckos
  12 orcs
  6 giant cockroaches
  11 goblins
  13 hobgoblins
  8 jackals (D:5)
  5 kobolds
  4 quokkas
  5 ball pythons
  4 bats
  7 frilled lizards
  A jackal skeleton (D:5)
  A leopard gecko skeleton (D:5)
  A quokka zombie (D:3)
  10 rats
141 creatures vanquished.

Notes
Turn   | Place    | Note
-------+----------+-------------------------------------------
     0 | Abyss:1  | Gargoyl the Draconian Abyssal Knight began the quest for
                  | the Orb.
     0 | Abyss:1  | Reached XP level 1. HP: 19/19 MP: 2/2
     0 | Abyss:1  | Found a stormy altar of Qazlal.
    71 | Abyss:1  | Noticed a neqoxec
    72 | D:1      | Escaped the Abyss
   191 | D:1      | Reached * piety under Lugonu
   201 | D:1      | Reached XP level 2. HP: 26/26 MP: 3/3
  1035 | D:2      | Reached XP level 3. HP: 31/33 MP: 4/4
  1257 | D:2      | Found a shimmering altar of Xom.
  1312 | D:2      | Noticed a moth of wrath
  1482 | D:2      | Found a bloodstained altar of Trog.
  1766 | D:2      | Reached XP level 4. HP: 40/40 MP: 5/5
  1940 | D:2      | Reached ** piety under Lugonu
  2930 | D:3      | Reached XP level 5. HP: 41/46 MP: 7/7
  3936 | D:3      | Reached *** piety under Lugonu
  4110 | D:4      | Found a hide-covered altar of Uskayaw.
  4184 | D:4      | Found an ornate altar of the Wu Jian Council.
  4207 | D:4      | Noticed an ogre
  4241 | D:3      | Reached XP level 6. HP: 16/52 MP: 8/8
  4459 | D:4      | Reached skill level 1 in Stealth
  4976 | D:4      | Found a basalt altar of Yredelemnul.
  5133 | D:5      | Entered Level 5 of the Dungeon
  5133 | D:5      | Noticed an ice beast
  5150 | D:5      | Killed an ice beast
  5150 | D:5      | Your scales start taking on a glossy black colour.
  5150 | D:5      | Reached XP level 7. HP: 32/60 MP: 9/9
  5150 | D:5      | Gained mutation: You are resistant to electric shocks.
                  | (rElec) [Black Draconian growth]
  5439 | D:5      | Found a glowing silver altar of Zin.
  5481 | D:5      | Reached **** piety under Lugonu
  5849 | D:5      | Reached skill level 5 in Axes
  6053 | D:5      | Noticed Sigmund
  6076 | D:5      | HP: 1/60 [ogre/+0 giant club (25)]
  6082 | D:5      | Killed Sigmund
  6082 | D:5      | Reached skill level 5 in Fighting
  6082 | D:5      | Reached skill level 5 in Dodging
  6082 | D:5      | Reached XP level 8. HP: 20/68 MP: 11/11
  6467 | D:5      | Noticed Grinder
  6547 | D:5      | Killed Grinder
  6909 | D:5      | Identified a +1 pair of boots of running (You found it on
                  | level 5 of the Dungeon)
  7065 | D:6      | Reached skill level 5 in Invocations
  7101 | D:6      | Slain by a wyvern zombie

Levels and vault maps discovered:
D:1:      co_arrival_random_square_maze, layout_loops_ring,
          hangedman_decor_riveting
D:2:      layout_loops_ring, lemuel_doored_altar, tgw_trog,
          minmay_misc_feat_iff, grunt_decor_fettered
D:3:      layout_loops_corners
D:4:      layout_loops_cross, kennysheep_mini, lemuel_round_altar,
          nicolae_overflow_hidden_temple, first_ration
D:5:      kennysheep_six_static_rooms, layout_rooms, kennysheep_mini_moat,
          uniq_grinder, uniq_sigmund
D:6:      layout_basic, lemuel_coloured_pillars_altar,
          chequers_temple_overflow_statue_of_worship

Skill      XL: |  1  2  3  4  5  6  7  8 |
---------------+-------------------------+-----
Fighting       | 4 5 |  5.4
Dodging        | 3 4 5 6 |  6.0
Axes           | 3 4 5 6 |  6.1
Invocations    | 3 4 5 |  5.1
Stealth        | 1 2 |  2.1

Action                   |  1- 3 |  4- 6 |  7- 9 || total
-------------------------+-------+-------+-------++-------
Melee: Hand axe          |   132 |   270 |   177 ||   579
       Tailslap          |     5 |    29 |    14 ||    48
Invok: Depart the Abyss  |     1 |       |       ||     1
 Abil: Breathe Lightning |       |       |    13 ||    13
  Use: Scroll            |     6 |     5 |       ||    11
       Potion            |       |       |     1 ||     1
 Stab: Sleeping          |       |     2 |       ||     2
  Eat: Chunk             |     3 |     7 |     1 ||    11
       Ration            |       |     1 |     2 ||     3
Armor: Skin              |    39 |    75 |    69 ||   183
Dodge: Dodged            |    87 |   198 |   168 ||   453

Table legend:
 A = Non-vault XP
 B = Vault XP
 C = Vault XP percentage of total XP
 D = Non-vault monster count
 E = Vault monster count
 F = Vault count percentage of total count
                 A         B        C        D         E       F
            +---------+---------+-------+---------+---------+-------
      Total |    1352 |     813 |  37.6 |     129 |      12 |   8.5
            +---------+---------+-------+---------+---------+-------
        D:1 |      35 |       0 |   0.0 |      23 |       0 |   0.0
        D:2 |     134 |       9 |   6.3 |      20 |       5 |  20.0
        D:3 |     192 |       0 |   0.0 |      32 |       0 |   0.0
        D:4 |     343 |       0 |   0.0 |      18 |       0 |   0.0
        D:5 |     470 |     804 |  63.1 |      33 |       7 |  17.5
        D:6 |     178 |       0 |   0.0 |       3 |       0 |   0.0
            +---------+---------+-------+---------+---------+-------
